 Dungeon Crawl Stone Soup version 0.23.1 (webtiles) character file.

Game seed: 17146079713344260180

8207 Fang the Fighter (level 11, -2/57 HPs)
             Began as a Gargoyle Berserker on Mar 11, 2019.
             Was a High Priest of Trog.
             Killed from afar by a starcursed mass (8 damage)
             ... with an accursed screaming
             ... while paralysed
             ... on level 1 of the Abyss.
             The game lasted 00:10:51 (10244 turns).

Fang the Fighter (Gargoyle Berserker)              Turns: 10244, Time: 00:10:52

Health: -2/57      AC: 22    Str: 21 (23) XL:     11   Next: 27%
Magic:  7/7        EV:  2    Int: -2 (-1) God:    Trog [*****.]
Gold:   414        SH:  0    Dex: 10 (12) Spells: 10/10 levels left

rFire    . . .     SeeInvis .   e - +5 battleaxe of Exoneration {venom, rC++ rN+ Int-4 Dex+3}
rCold    + + .     Gourm    +   (shield currently unavailable)
rNeg     + + .     Faith    .   v - +2 plate armour
rPois    ∞         Spirit   .   o - +2 helmet
rElec    +         Reflect  .   (no cloak)
rCorr    .         Harm     .   (no gloves)
MR       +....                  (no boots)
Stlth    ..........             f - amulet of the gourmand
HPRegen  0.19/turn              w - ring of protection from magic
MPRegen  0.10/turn              n - +2 ring of strength

@: paralysed, about to teleport, hasted and slowed, lost intelligence, studying
Throwing
A: [deformed body], [deterioration 2], [dopey 2], [frail 2], [low mp 3],
negative energy resistance 1, electricity resistance, [weak 2], unbreathing,
petrification resistance, rot immunity, [subdued magic 2], AC +8
a: Berserk, Trog's Hand, Brothers in Arms, Renounce Religion


You were on level 1 of the Abyss.
You worshipped Trog.
Trog was extremely pleased with you.
You were very full.

You visited 3 branches of the dungeon, and saw 12 of its levels.
You visited the Abyss 1 time.
You also visited: Ossuary.

You collected 644 gold pieces.
You spent 230 gold pieces at shops.

Inventory:

Hand Weapons
 e - the +5 battleaxe of Exoneration (weapon) {venom, rC++ rN+ Int-4 Dex+3}
   (You bought it in a shop on level 6 of the Dungeon)

   It poisons the flesh of those it strikes.
   It affects your intelligence (-4).
   It affects your dexterity (+3).
   It greatly protects you from cold.
   It protects you from negative energy.
 h - a +3 war axe of freezing
 y - a +1 war axe
Armour
 o - a +2 helmet (worn)
 v - a +2 plate armour (worn)
Jewellery
 f - an amulet of the gourmand (around neck)
 g - an uncursed ring of protection from cold
 n - a +2 ring of strength (right hand)
 t - an uncursed ring of positive energy
 w - a ring of protection from magic (left hand)
 E - an uncursed ring of resist corrosion
 F - the ring "Hicarios" {Str+3 Int+2 Slay+3, unknown}
   (You found it on level 9 of the Dungeon)

   [ring of strength]

   It affects your strength (+3).
   It affects your intelligence (+2).
   It affects your accuracy and damage with ranged weapons and melee attacks
   (+3).
 G - a +4 amulet of reflection
Wands
 b - a wand of iceblast (17)
 i - a wand of polymorph (12)
 r - a wand of digging (3)
 C - a wand of flame (8)
 D - a wand of acid (10)
 H - a wand of random effects (16)
Scrolls
 d - a scroll of remove curse
 l - 11 scrolls of teleportation
 s - a scroll of fog
Potions
 a - a potion of invisibility
 j - 6 potions of haste
 k - a potion of ambrosia {unknown}
 m - 3 potions of curing
 p - 2 potions of cancellation
 q - 2 potions of berserk rage
 u - a potion of agility {unknown}
 x - 3 potions of lignification
 z - 3 potions of heal wounds
 A - a potion of flight {unknown}
 B - a potion of resistance {unknown}
Books
 I - a manual of Throwing
Comestibles
 c - 16 rations


   Skills:
 + Level 10.0 Fighting
 + Level 8.4 Axes
 + Level 9.7 Armour
 + Level 7.4 Dodging


You had 10 spell levels left.
You didn't know any spells.
Your spell library was empty.

Dungeon Overview and Level Annotations

Branches:
Dungeon (10/15)            Temple (1/1) D:4            Lair (0/6) D:10
    Orc (1/2) D:9

Altars:
Fedhas
Makhleb
Trog
Uskayaw
Wu Jian
Yredelemnul

Shops:
D:4 %   D:6 (   D:10 *

Annotations:
D:10 Psyche


Innate Abilities, Weirdness & Mutations

You are resistant to torment.
Your stone body is resilient. (AC +8)
You are immune to poison.
You resist negative energy. (rN+)
You are resistant to electric shocks. (rElec)
You can survive without breathing.
You are immune to petrification.
You are immune to rotting.
[Armour fits poorly on your strangely shaped body.]
[Your body often deteriorates upon taking damage.]
[You are very dopey. (Int -4)]
[You are very frail. (-20% HP)]
[Your magical capacity is extremely low. (-30% MP)]
[You are very weak. (Str -4)]
[Your spells are easier to cast, but less powerful.]


Message History

You feel stupid. x2
You have lost your intelligence.
The small abomination hits you.
* * * LOW HITPOINT WARNING * * *
Your body deteriorates!
You feel clumsy. The small abomination hits you!
* * * LOW HITPOINT WARNING * * *
Your body deteriorates!
You feel dopey.
The wretched star pulses with an eldritch light!
Your connection to magic feels subdued.
Your connection to magic feels more subdued.
The small abomination hits you but does no damage.
A starcursed mass splits.
Your skin stops crawling.
You feel less resistant to hostile enchantments.
The small abomination hits you.
* * * LOW HITPOINT WARNING * * *
A starcursed mass splits.
A deafening chorus of shrieks assaults your mind!
You die...

# .# .#.# #.#
##....# ... .# #.
####...#
...##.#.###..@#.#
.. .#......x##.# #
.#.#..........# ..
# #.###.....X...#
#
#.#.#.#....X....#
#....
.>#..X......## .#
#.#......X......##
#......)X..X.....
. ...........#..


You could see 5 starcursed masses and a small abomination.

Vanquished Creatures
  Pikel (D:9)
  Joseph (D:10)
  3 trolls
  A hornet (D:10)
  2 hippogriffs
  4 yaks (D:10)
  A hungry ghost (D:7)
  A warg (D:9)
  2 orc warriors (D:9)
  4 slaves (D:9)
  An ice beast (D:10)
  2 black bears
  3 wolves (D:10)
  2 sky beasts
  A phantom (D:6)
  11 ogres
  A centaur (D:9)
  An elf zombie (Ossuary)
  5 bullfrogs
  A gnoll sergeant (D:5)
  3 scorpions
  7 killer bees
  11 wights
  3 howler monkeys
  2 electric eels (D:10)
  8 crimson imps
  2 bullfrog zombies (D:8)
  2 quasits
  4 orc priests
  11 hounds
  2 jellies
  A centaur skeleton (D:5)
  2 bullfrog skeletons (D:5)
  6 orc wizards
  Ijyb (D:3)
  4 iguanas
  4 worker ants
  Natasha (twice) (D:2)
  A big kobold zombie (Ossuary)
  A hound skeleton (D:8)
  3 mummies (Ossuary)
  A worker ant zombie (D:5)
  Robin (D:2)
  4 gnolls (D:6)
  3 howler monkey skeletons
  10 adders
  A shadow imp (D:9)
  An ooze (D:4)
  A worm zombie (D:4)
  3 adder zombies
  2 adder skeletons (D:5)
  7 worms
  4 dart slugs
  8 leopard geckos
  40 orcs
  A ball python (D:5)
  8 bats
  2 giant cockroaches
  11 goblins
  8 hobgoblins
  6 jackals
  11 kobolds
  A quokka (D:3)
  6 frilled lizards
  A gnoll zombie (Ossuary)
  2 goblin zombies (Ossuary)
  4 hobgoblin zombies (Ossuary)
  A jackal zombie (D:4)
  4 kobold zombies (Ossuary)
  4 quokka skeletons
  A quokka zombie (Ossuary)
  3 rats
  2 rat zombies (Ossuary)
290 creatures vanquished.

Notes
Turn   | Place    | Note
-------+----------+-------------------------------------------
     0 | D:1      | Fang the Gargoyle Berserker began the quest for the Orb.
     0 | D:1      | Reached XP level 1. HP: 14/14 MP: 1/1
    82 | D:1      | Reached XP level 2. HP: 19/19 MP: 2/2
   709 | D:1      | Reached XP level 3. HP: 22/23 MP: 3/3
  1170 | D:2      | Noticed Natasha
  1175 | D:2      | Killed Natasha
  1292 | D:2      | Noticed Natasha
  1300 | D:2      | Killed Natasha
  1300 | D:2      | Reached ** piety under Trog
  1300 | D:2      | Reached skill level 4 in Fighting
  1300 | D:2      | Reached XP level 4. HP: 19/29 MP: 4/4
  1734 | D:2      | Noticed Robin
  1742 | D:2      | Killed Robin
  1992 | D:2      | Reached XP level 5. HP: 19/33 MP: 5/5
  2529 | D:2      | Found a basalt altar of Yredelemnul.
  2840 | D:3      | Noticed Ijyb
  2876 | D:3      | Killed Ijyb
  3247 | D:3      | Found a glowing drain.
  3276 | D:3      | Reached XP level 6. HP: 34/39 MP: 6/6
  3650 | D:4      | Reached *** piety under Trog
  3741 | D:4      | Found Viup's Food Shoppe.
  4060 | D:4      | Found a sand-covered staircase.
  4078 | D:4      | Reached skill level 5 in Fighting
  4080 | D:4      | Reached XP level 7. HP: 35/44 MP: 7/7
  4200 | Ossuary  | Entered an ossuary
  4456 | D:4      | Found a staircase to the Ecumenical Temple.
  4530 | D:4      | Reached **** piety under Trog
  5012 | Temple   | Entered the Ecumenical Temple
  5074 | D:5      | Entered Level 5 of the Dungeon
  5117 | D:5      | Received a gift from Trog
  5168 | D:5      | Reached skill level 5 in Armour
  5416 | D:5      | Reached XP level 8. HP: 51/51 MP: 8/8
  5423 | D:5      | Reached skill level 6 in Fighting
  5423 | D:5      | Reached skill level 5 in Axes
  5797 | D:5      | Found a blossoming altar of Fedhas.
  6347 | D:6      | Found Zuhar's Antique Weapon Boutique.
  6350 | D:6      | Bought a steaming battleaxe for 230 gold pieces
  6350 | D:6      | Identified the +5 battleaxe of Exoneration {venom, rC++ rN+
                  | Int-4 Dex+3} (You bought it in a shop on level 6 of the
                  | Dungeon)
  6420 | D:6      | Reached XP level 9. HP: 56/56 MP: 9/9
  6449 | D:6      | Reached skill level 7 in Fighting
  6510 | D:6      | Reached skill level 5 in Dodging
  7319 | D:7      | Reached skill level 8 in Fighting
  7752 | D:8      | Reached ***** piety under Trog
  8259 | D:8      | Reached XP level 10. HP: 64/64 MP: 10/10
  8771 | D:9      | Noticed Pikel
  8779 | D:9      | Killed Pikel
  8863 | D:9      | Reached skill level 9 in Fighting
  9008 | D:9      | Found a staircase to the Orcish Mines.
  9046 | D:9      | Got a faintly glowing brass ring
  9627 | Orc:1    | Entered Level 1 of the Orcish Mines
  9658 | D:10     | Entered Level 10 of the Dungeon
  9743 | D:10     | Reached XP level 11. HP: 71/71 MP: 11/11
  9788 | D:10     | Noticed Joseph
  9801 | D:10     | Killed Joseph
  9862 | D:10     | Found a staircase to the Lair.
  9871 | D:10     | Received a gift from Trog
 10175 | D:10     | Noticed Psyche
 10178 | D:10     | Found Tyschu's Elemental Accessories.
 10184 | D:10     | Reached skill level 10 in Fighting
 10187 | D:10     | Cast into level 1 of the Abyss (Psyche)
 10207 | Abyss:1  | Noticed a wretched star
 10225 | Abyss:1  | Noticed a starcursed mass
 10240 | Abyss:1  | Lost intelligence.
 10244 | Abyss:1  | Killed from afar by a starcursed mass

Skill      XL: |  1  2  3  4  5  6  7  8  9 10 11 |
---------------+----------------------------------+-----
Axes           | 3 4 5 6 8 |  8.4
Dodging        | 2 3 4 5 7 |  7.4
Armour         | 3 4 5 6 7 9 |  9.7
Fighting       | 4 5 6 8 9 10 | 10.0

Action                   |  1- 3 |  4- 6 |  7- 9 | 10-12 || total
-------------------------+-------+-------+-------+-------++-------
Melee: Hand axe          |    62 |   264 |   121 |       ||   447
       War axe           |       |       |   164 |       ||   164
       Battleaxe         |       |       |   166 |   218 ||   384
Invok: Berserk           |     3 |     6 |     4 |     3 ||    16
       Trog's Hand       |       |       |       |     1 ||     1
  Use: Scroll            |       |       |    15 |     4 ||    19
       Potion            |       |       |       |     2 ||     2
  Eat: Chunk             |     3 |    26 |    26 |    10 ||    65
       Ration            |       |       |     1 |       ||     1
Armor: Animal skin       |    23 |    49 |       |       ||    72
       Chain mail        |       |    61 |       |       ||    61
       Plate armour      |       |    27 |   362 |   282 ||   671
Dodge: Dodged            |    43 |   167 |   275 |   181 ||   666
